 Dungeon Crawl Stone Soup version 0.25.1-2-g60ff931df9 (webtiles) character file.

Game seed: 5886357342991639491

1640 imrehg the Conjurer (level 8, -6/63 HPs)
             Began as a Black Draconian Conjurer on Oct 21, 2020.
             Was a Follower of Nemelex Xobeh.
             Killed from afar by Pikel (31 damage)
             ... with an exploding inner flame
             ... hexed by the player character
             ... on level 5 of the Dungeon.
             The game lasted 00:32:58 (6254 turns).

imrehg the Conjurer (Black Draconian Conjurer)      Turns: 6254, Time: 00:33:02

Health: -6/63      AC: 11    Str: 11    XL:     8   Next: 66%
Magic:  9/14       EV: 14    Int: 17    God:    Nemelex Xobeh [*.....]
Gold:   292        SH:  0    Dex: 12    Spells: 1/15 levels left

rFire    x . .     SeeInvis .   i - +0 mace
rCold    + . .     Gourm    .   (no shield)
rNeg     . . .     Faith    .   (armour unavailable)
rPois    .         Spirit   .   (helmet restricted)
rElec    +         Reflect  .   (no cloak)
rCorr    .         Harm     .   v - +0 pair of gloves
MR       .....                  (no boots)
Stlth    ++........             (no amulet)
HPRegen  0.20/turn              k - +4 ring of protection
MPRegen  0.14/turn              a - ring of ice

@: very slightly contaminated
A: breathe lightning, unfitting armour, electricity resistance, cold-blooded, AC
+6
a: Breathe Lightning, Draw Escape, Draw Destruction, Draw Summoning, Renounce
Religion


You were on level 5 of the Dungeon.
You worshipped Nemelex Xobeh.
Nemelex Xobeh was aware of your devotion.
You were hungry.

You visited 1 branch of the dungeon, and saw 5 of its levels.

You collected 292 gold pieces.

Inventory:

Hand Weapons
 g - a +0 flail of protection
 i - a +0 mace (weapon)
 l - a +1 dagger of protection
 m - a +0 spear
 p - a +0 dagger of holy wrath
 q - a cursed +0 dagger
 x - a +0 dagger of draining
Armour
 v - a +0 pair of gloves (worn)
 z - a +0 cloak
Jewellery
 a - a ring of ice (right hand)
 f - an uncursed amulet of regeneration
 k - a +4 ring of protection (left hand)
 y - an uncursed ring of protection from fire
Wands
 u - a wand of acid (7)
Scrolls
 e - a scroll of amnesia
 o - 2 scrolls of remove curse
Potions
 d - a potion of heal wounds
 h - a potion of stabbing
 j - 2 potions of magic
 n - a potion of degeneration
 r - 2 potions of invisibility
 s - a potion of mutation
 A - a potion of curing
Comestibles
 b - 4 rations
 w - 3 chunks of flesh


   Skills:
 + Level 3.3 Fighting
 + Level 0.6 Short Blades
 + Level 2.1 Maces & Flails
 + Level 3.8 Polearms
 + Level 5.0 Dodging
 + Level 3.4 Stealth
   Level 1.4 Shields
 + Level 4.4 Spellcasting
 + Level 6.5 Conjurations
 + Level 0.1 Hexes


You had one spell level left.
You knew the following spells:

 Your Spells              Type           Power        Failure   Level  Hunger
a - Magic Dart            Conj           ####         1%          1    None
b - Searing Ray           Conj           ####..       1%          2    ##.....
c - Dazzling Flash        Conj/Hex       ###...       12%         3    ###....
d - Iskenderun's Mystic   Conj/Tloc      ##......     36%         4    ####...
e - Fulminant Prism       Conj/Hex       ###.......   36%         4    ####...

Your spell library contained the following spells:

 Spells                   Type           Power        Failure   Level  Hunger
 Corona                   Hex            #......      14%         1    None
 Slow                     Hex            #.......     22%         2    ##.....
 Confusing Touch          Hex            #.......     41%         3    ###....
 Gell's Gravitas          Tloc           #.........   41%         3    ###....
 Inner Flame              Hex/Fire       #.......     41%         3    ###....
 Portal Projectile        Hex/Tloc       #.....       41%         3    ###....
 Cause Fear               Hex            #.........   82%         4    ####...
 Leda's Liquefaction      Hex/Erth       #.........   83%         4    ####...
 Petrify                  Tmut/Erth      #.......     83%         4    ####...
 Metabolic Englaciation   Hex/Ice        #.........   99%         5    ######.
 Yara's Violent Unravell  Hex/Tmut       #.........   99%         5    ######.


Dungeon Overview and Level Annotations

Branches:
Dungeon (5/15)
 Temple: D:4-7

Altars:
Fedhas
Nemelex Xobeh
Uskayaw
Yredelemnul


Innate Abilities, Weirdness & Mutations

You can breathe wild blasts of lightning.
Your glossy black scales are hard. (AC +6)
You cannot fit into any form of body armour.
You are resistant to electric shocks. (rElec)
You are cold-blooded and may be slowed by cold attacks.


Message History

Pikel hits you with a +0 whip of freezing.
Casting: Magic Dart (safe; 1% risk of failure)
Confirm with . or Enter, or press ? or * to list all spells.
Aiming: Magic Dart (safe; 1% risk of failure)
Press: ? - help, Shift-Dir - straight line, f/p - Pikel
Aim: Pikel, wielding a +0 whip of freezing and wearing a +1 robe (flame, severely wounded, inner flame)
The magic dart hits Pikel but does no damage.
Pikel is severely wounded.
Pikel is engulfed in blazing flames.
Pikel explodes!
The fiery explosion engulfs the slave!!
The slave explodes!
The fiery explosion engulfs the slave!
Flame seeps out of the slave.
The slave is heavily wounded.
The fiery explosion engulfs the slave!!!
You kill the slave!
That felt strangely unrewarding.
The fiery explosion engulfs you!! The fire burns you terribly!
You die...
Your body disappears without a glow.

## #8## ...8#####
....##..###################
....>#..##...ga...#........
....##..##.######.#.#######
...8##..##.# #)#.# #8# #..##@#
#)#.# #####
############..##°######.#.# #....
.....[)).......§p§p......># #.###
.##.#####..§§.§§#####.#.#.###.###
....# #.......# #.#.........#
.##.# #.......# #.###.###.#.#
.##.# #.......# #.###.....#.#
.##.# #.......# #.#.......#.#
.##.# #.......# #.#.#.....#.#


You could see a slave (inner flame).

Vanquished Creatures
  Grinder (D:3)
  Edmund (D:4)
  Duvessa (D:4)
  3 slaves (D:5)
  A phantom (D:4)
  2 sky beasts (D:5)
  2 ogres (D:4)
  A centaur (D:5)
  Dowan (D:4)
  A scorpion (D:4)
  2 hounds
  2 orc priests (D:4)
  A centaur skeleton (D:4)
  A jelly (D:5)
  An orc wizard (D:4)
  An iguana (D:4)
  5 worker ants
  A hound skeleton (D:5)
  Robin (D:3)
  2 adders (D:2)
  11 gnolls
  A worm (D:3)
  A dart slug (D:2)
  4 leopard geckos
  2 orcs (D:4)
  5 ball pythons
  5 giant cockroaches
  8 hobgoblins
  3 jackals (D:2)
  3 kobolds
  3 quokkas
  2 bats (D:2)
  12 frilled lizards
  9 goblins (D:3)
  A quokka skeleton (D:4)
  5 rats
106 creatures vanquished.

Notes
Turn   | Place    | Note
-------+----------+-------------------------------------------
     0 | D:1      | imrehg the Draconian Conjurer began the quest for the Orb.
     0 | D:1      | Reached XP level 1. HP: 14/14 MP: 3/3
   204 | D:1      | Found a basalt altar of Yredelemnul.
   559 | D:2      | Reached XP level 2. HP: 16/20 MP: 5/5
   563 | D:2      | Learned a level 2 spell: Searing Ray
  1039 | D:2      | Reached skill level 1 in Polearms
  1039 | D:2      | Reached XP level 3. HP: 22/26 MP: 1/6
  1858 | D:3      | Noticed Grinder
  1864 | D:3      | Paralysed by Grinder for 2 turns
  1868 | D:3      | Paralysed by Grinder for 3 turns
  1877 | D:3      | Killed Grinder
  1877 | D:3      | Reached skill level 1 in Fighting
  1877 | D:3      | Reached skill level 5 in Conjurations
  1877 | D:3      | Reached XP level 4. HP: 25/35 MP: 0/7
  1877 | D:3      | Reached XP level 5. HP: 29/40 MP: 0/8
  1877 | D:3      | Reached XP level 6. HP: 34/47 MP: 0/9
  2224 | D:3      | Found a sparkling altar of Nemelex Xobeh.
  2233 | D:3      | Became a worshipper of Nemelex Xobeh the Trickster
  2320 | D:3      | Learned a level 3 spell: Dazzling Flash
  2350 | D:3      | Noticed Robin
  2422 | D:3      | Killed Robin
  2549 | D:3      | Received a gift from Nemelex Xobeh
  3088 | D:4      | Noticed Duvessa
  3090 | D:4      | Noticed Dowan
  3121 | D:4      | Your scales start taking on a glossy black colour.
  3121 | D:4      | Reached XP level 7. HP: 53/55 MP: 3/11
  3121 | D:4      | Gained mutation: You are resistant to electric shocks.
                  | (rElec) [Black Draconian growth]
  3153 | D:4      | Killed Duvessa
  3172 | D:4      | Killed Dowan
  3460 | D:4      | Reached skill level 6 in Conjurations
  3583 | D:4      | Noticed Edmund
  3681 | D:4      | Killed Edmund
  4005 | D:4      | Found a hide-covered altar of Uskayaw.
  4014 | D:4      | Reached XP level 8. HP: 62/62 MP: 8/13
  4102 | D:4      | Learned a level 4 spell: Iskenderun's Mystic Blast
  4107 | D:4      | Learned a level 4 spell: Fulminant Prism
  4438 | D:5      | Entered Level 5 of the Dungeon
  4527 | D:5      | Noticed Pikel
  4579 | D:5      | Found a blossoming altar of Fedhas.
  4979 | D:5      | Reached * piety under Nemelex Xobeh
  5371 | D:5      | Reached skill level 1 in Shields
  5543 | D:5      | Reached skill level 1 in Maces & Flails
  5693 | D:5      | Reached skill level 5 in Dodging
  6254 | D:5      | Killed Pikel
  6254 | D:5      | Killed from afar by Pikel

Illustrated notes

Levels and vault maps discovered:
D:1:      evilmike_arrival_rings, layout_loops_ring, kennysheep_flooded_box
D:2:      layout_loops_ring, kennysheep_generic_room_14
D:3:      layout_basic, nemelex_xobeh_ov_fountains_minmay, uniq_grinder,
          uniq_robin
D:4:      layout_loops_ring, eat_drink_and_be_merry_uskayaw,
          minmay_pentomino_pile, uniq_duvessa, uniq_edmund
D:5:      layout_basic, nicolae_overflow_hidden_temple, first_ration,
          fedhas_bush_and_centaur_altar, uniq_pikel

Skill      XL: |  1  2  3  4  5  6  7  8 |
---------------+-------------------------+-----
Stealth        | 2 3 |  3.4
Polearms       | 1 2 3 |  3.8
Dodging        | 2 3 4 5 |  5.0
Fighting       | 1 2 3 |  3.3
Conjurations   | 5 6 |  6.5
Spellcasting   | 3 4 |  4.4
Shields        | 1 |  1.4
Maces & Flails | 2 |  2.1
Short Blades   | |  0.6
Hexes          | |  0.1

Action                   |  1- 3 |  4- 6 |  7- 9 || total
-------------------------+-------+-------+-------++-------
Melee: Spear             |    75 |    20 |    28 ||   123
       Tailslap          |     4 |     1 |    13 ||    18
       Dagger            |       |       |    49 ||    49
       Mace              |       |       |    99 ||    99
 Cast: Magic Dart        |    32 |    35 |    81 ||   148
       Searing Ray       |     3 |     9 |    13 ||    25
       Dazzling Flash    |       |       |     1 ||     1
Invok: Draw Destruction  |       |     1 |     2 ||     3
       Draw Escape       |       |       |     1 ||     1
 Abil: Breathe Lightning |       |       |     2 ||     2
  Use: Potion            |     1 |       |       ||     1
       Scroll            |       |       |    11 ||    11
 Stab: Sleeping          |     2 |       |     2 ||     4
       Invisible         |       |       |     2 ||     2
  Eat: Chunk             |     4 |     4 |     4 ||    12
       Ration            |       |       |     2 ||     2
Armor: Skin              |    22 |    17 |   111 ||   150
Dodge: Dodged            |    65 |    36 |   128 ||   229
Block: Tower shield      |       |       |    69 ||    69
